 Dungeon Crawl Stone Soup version 0.21-a0-506-ga0ee87aef2 (webtiles) character file.

2 Kublaii the Skirmisher (level 1, -19/19 HPs)
             Began as a Hill Orc Fighter on Nov 27, 2017.
             Demolished by a kobold
             ... wielding a +1 whip of electrocution
              (20 damage)
             ... on level 1 of the Dungeon.
             The game lasted 00:01:01 (150 turns).

Kublaii the Skirmisher (Hill Orc Fighter)            Turns: 150, Time: 00:01:02

Health: -19/19     AC:  6    Str: 18    XL:     1   Next: 40%
Magic:  1/1        EV:  7    Int:  8    God:
Gold:   0          SH:  9    Dex: 10    Spells: 0/0 levels left

rFire    . . .     SeeInvis .   a - +0 trident
rCold    . . .     Gourm    .   c - +0 shield
rNeg     . . .     Faith    .   b - +0 scale mail
rPois    .         Spirit   .   (no helmet)
rElec    .         Reflect  .   (no cloak)
rCorr    .         Harm     .   (no gloves)
MR       .....                  (no boots)
Stlth    ..........             (no amulet)
HPRegen  0.06/turn              (no ring)
MPRegen  0.07/turn              (no ring)

@: no status effects
A: no striking features
a: no special abilities


You were on level 1 of the Dungeon.
You were not hungry.

You visited 1 branch of the dungeon, and saw 1 of its levels.

Inventory:

Hand Weapons
 a - a +0 trident (weapon)
Armour
 b - a +0 scale mail (worn)
 c - a +0 shield (worn)
Potions
 d - a potion of might
 e - a potion of curing {unknown}
Comestibles
 f - a bread ration
 g - a royal jelly


   Skills:
 - Level 3.6 Fighting
 + Level 2.3 Polearms
 + Level 3.4 Armour
 - Level 3.2 Shields


You couldn't memorise any spells.
You didn't know any spells.

Dungeon Overview and Level Annotations

Branches:
Dungeon (1/15)

Altars:


Message History

Press: ? - help, Dir - move target cursor, f - kobold
Aim: a kobold, wielding a whip of electrocution You reach to attack!
You closely miss the kobold. The kobold hits you but does no damage.
You hit the kobold.
The kobold is moderately wounded.
You block the kobold's attack.
You barely miss the kobold.
The kobold is moderately wounded.
The kobold hits you with a whip of electrocution.
You are electrocuted!
Ouch! That really hurt!
* * * LOW HITPOINT WARNING * * *
You hit the kobold.
The kobold is heavily wounded.
The kobold hits you with a whip of electrocution.
* * * LOW HITPOINT WARNING * * *
You are electrocuted!
Ouch! That really hurt!
You die...

##.###......##.#
##.#####.##.# #
a#.#m###.##.##.# #.#
#.##.### ##.###
#.......# #.# #......†
N#.#d# ####.#### #+##
####.†## ##.### ..#
#...## ##.# O#.#n# ##.#
#.....# #.# ##.### ##..#
##...!... ##.##
V#.#h####...####........
####...#
##.###....(....'@K......
+.......
9#.#c####...####........
#....... ##.### ##.##
##....... #.###.##
M#.#e# #.# #.....# #.
#.## ##.### #.# #...## #
#..# T#.#H# #.# #+##
#.####.# ##.### #.#
##.#####....... f#.#p#
#.# #......######.#
##.### #.#
#....#.######.#


You could see a kobold.

Vanquished Creatures
  2 bats (D:1)
2 creatures vanquished.

Notes
Turn   | Place    | Note
-------+----------+-------------------------------------------
     0 | D:1      | Kublaii the Hill Orc Fighter began the quest for the Orb.
     0 | D:1      | Reached XP level 1. HP: 19/19 MP: 1/1
    12 | D:1      | Noticed a dwarf
    14 | D:1      | Noticed a demonspawn
    16 | D:1      | Noticed a human
    16 | D:1      | Noticed a spriggan
    18 | D:1      | Noticed a vine stalker
    18 | D:1      | Noticed a halfling
    20 | D:1      | Noticed a troll
    20 | D:1      | Noticed a minotaur
    22 | D:1      | Noticed an elf
    24 | D:1      | Noticed a gargoyle
    24 | D:1      | Noticed a centaur
    26 | D:1      | Noticed a vampire
    26 | D:1      | Noticed a felid
    28 | D:1      | Noticed an ogre
    28 | D:1      | Noticed a ghoul
    30 | D:1      | Noticed a naga
    30 | D:1      | Noticed a draconian
    32 | D:1      | Noticed a formicid
    32 | D:1      | Noticed a merfolk
    34 | D:1      | Noticed a demigod
    36 | D:1      | Noticed an octopode
    36 | D:1      | Noticed a tengu
   150 | D:1      | Demolished by a kobold

Vault maps used:
D:1:      kb_arrival_jail

Action                   || total
-------------------------++-------
Melee: Trident           ||     7
Armor: Scale mail        ||     2
Block: Shield            ||     2

Table legend:
 A = Spawn XP
 B = Non-spawn XP
 C = Spawn XP percentage of total XP
 D = Spawn monster count
 E = Non-spawn monster count
 F = Spawn count percentage of total count
 G = Total turns spent on level
                    A         B        C        D         E        F      G
               +---------+---------+-------+---------+---------+-------+---------
         Total |       0 |       4 |   0.0 |       0 |       2 |   0.0 |   150
               +---------+---------+-------+---------+---------+-------+---------
           D:1 |       0 |       4 |   0.0 |       0 |       2 |   0.0 |   150
               +---------+---------+-------+---------+---------+-------+---------
